AoeStats
← GPA_PureViolence

Arena

510131400Analyzed
4v4 RM · 2d ago on Sep 29, 2026· 18m 36s· 8 players
Game mode
Random Map
Map size
Large (8 player)
Population
200
Speed
Normal
Resources
Standard
Victory
Conquest
Starting age
Dark Age
Ending age
Imperial Age
RankedLock teamsTeams togetherTeam positionsShared explorationLock speedFull tech treeHidden civsTurbo modeCheats
Victory
Defeat
🇹🇷 Cumans · Türkiye
1605
+14
🇹🇷 Armenians · Türkiye
1587
+15
🇲🇽 Varangians · Mexico
1558
+16
🇹🇷 Italians · Türkiye
1535
+17
🇹🇷 Burgundians · Türkiye
1661
-19
🇹🇷 Persians · Türkiye
1636
-19
🇹🇷 Spanish · Türkiye
1538
-15
🇹🇷 Japanese · Türkiye
1403
-9
Tilikoglu
10:42 Feudal Age
14:19 Castle Age
12:09 Double-Bit Axe
12:06 Horse Collar
12:32 Loom
15:13 Bow Saw
15:11 Stone Mining
GPA_PureViolence
10:06 Feudal Age
10:19 Man-at-Arms
11:10 Long Swordsman
16:25 Pikeman
GPA_Unreal
5:29 Loom
8:19 Feudal Age
9:04 Double-Bit Axe
17:43 Horse Collar
kazumakine
10:48 Feudal Age
12:13 Horse Collar
14:53 Castle Age
13:08 Double-Bit Axe
14:57 Town Watch
15:43 Forging
18:18 Loom
Lothwen
9:50 Feudal Age
14:16 Castle Age
14:31 Loom
14:41 Double-Bit Axe
PolishedPoo
10:35 Feudal Age
10:14 Loom
ÇARMENDIR BEY
10:20 Feudal Age
14:17 Castle Age
12:25 Loom
12:43 Double-Bit Axe
14:54 Bow Saw
Orhan
3:40 Double-Bit Axe
8:33 Gold Mining
8:24 Horse Collar
11:45 Feudal Age
13:11 Bow Saw
15:48 Castle Age
16:35 Heavy Plow
Connection lost

Rejoining the realm…

Still unreachable

The connection could not be restored.

Session expired

The server has moved on; the page needs a fresh start.